 Dungeon Crawl Stone Soup version 0.21-a0-110-g8e1637b (webtiles) character file.

301 tilp the Skirmisher (level 6, -5/40 HPs)
             Began as a Gargoyle Fighter on July 9, 2017.
             Killed from afar by Dowan (9 damage)
             ... with a shard of ice
             ... on level 4 of the Dungeon.
             The game lasted 00:07:17 (2287 turns).

tilp the Skirmisher (Gargoyle Fighter)              Turns: 2287, Time: 00:07:20

Health: -5/40      AC: 13    Str: 22    XL:     6   Next: 37%
Magic:  6/6        EV:  7    Int:  8    God:
Gold:   128        SH:  0    Dex:  9    Spells: 5/5 levels left

rFire    . . .     SeeInvis .   a - +0 war axe
rCold    . . .     Gourm    .   (no shield)
rNeg     + . .     Faith    .   q - +0 chain mail
rPois    ∞         Spirit   .   (no helmet)
rElec    +         Reflect  .   (no cloak)
rCorr    .         Harm     .   (no gloves)
MR       .....                  (no boots)
Stlth    ..........             (no amulet)
HPRegen  0.13/turn              (no ring)
MPRegen  0.10/turn              (no ring)

@: no status effects
A: negative energy resistance 1, electricity resistance, unbreathing,
petrification resistance, rot immunity, AC +4
a: no special abilities


You were on level 4 of the Dungeon.
You were not hungry.

You visited 1 branch of the dungeon, and saw 4 of its levels.

You collected 128 gold pieces.

Inventory:

Hand Weapons
 a - a +0 war axe (weapon)
Missiles
 x - 14 stones (quivered)
Armour
 c - a +0 shield
 q - a +0 chain mail (worn)
Jewellery
 v - an uncursed amulet of faith {unknown}
Scrolls
 b - a scroll of immolation
 i - a scroll of fear {unknown}
 k - 4 scrolls of remove curse
 n - 2 scrolls of identify {unknown}
 p - a scroll of enchant weapon {unknown}
 s - a scroll of teleportation {unknown}
 t - a scroll of random uselessness {unknown}
 y - a scroll of fog {unknown}
 z - a scroll of enchant armour {unknown}
Potions
 d - 2 potions of might
 e - 2 potions of berserk rage {unknown}
 g - a potion of brilliance {unknown}
 j - 2 potions of haste {unknown}
 l - 2 potions of lignification {unknown}
 o - 2 potions of curing {unknown}
 r - 2 potions of heal wounds {unknown}
 u - a potion of flight {unknown}
 w - a potion of degeneration {unknown}
Comestibles
 f - 3 bread rations
 h - 4 royal jellies
 m - a fruit
 A - a chunk of flesh


   Skills:
 + Level 5.0 Fighting
 * Level 5.0 Axes
 - Level 3.2 Armour
 - Level 3.2 Shields


You had 5 spell levels left.
You didn't know any spells.

Dungeon Overview and Level Annotations

Branches:
Dungeon (4/15)
 Temple: D:4-7

Altars:
Elyvilon
Gozag
Kikubaaqudgha
Qazlal
Trog
Wu Jian
The Shining One

Annotations:
D:3 Alarkh's ghost, amateur DsMo
D:4 Dowan


Innate Abilities, Weirdness & Mutations

You are resistant to torment.
Your stone body is resilient. (AC +4)
You are immune to poison.
You resist negative energy. (rN+)
You are resistant to electric shocks. (rElec)
You can survive without breathing.
You are immune to petrification.
You are immune to rotting.


Message History

* * * LOW HITPOINT WARNING * * *
Dowan gestures at you while chanting. The stone arrow misses you.
Dowan casts a spell.
Dowan blinks!
r - 2 puce potions (gained 1)
You see here 23 stones.
Dowan gestures at you while chanting. The shard of ice hits you!
Dowan points at you and mumbles some strange words.
The stone arrow hits you!
* * * LOW HITPOINT WARNING * * *
Dowan hits you but does no damage.
You slash Dowan!
Dowan is heavily wounded.
Dowan barely misses you.
Dowan says, "How can I live without her?"
Dowan points at you and mumbles some strange words.
The shard of ice hits you!
You die...

###############
#....e........#####
#.#########........
#.#########.[.#####
#÷##....e....## ###
#.##.######..##....
#.##.#...e@$....#
#.##.#.####..####
#e##e#.####.(#
#.##.#...##..#
#.#..§##.##..#
#............##
###............
##.........#
###.....#.#..


You could see Dowan.

Vanquished Creatures
  Duvessa (D:4)
  A howler monkey (D:4)
  A worker ant (D:4)
  7 adders
  A gnoll (D:1)
  2 oozes (D:1)
  An adder skeleton (D:4)
  2 dart slugs
  4 leopard geckos
  A ball python (D:1)
  5 giant cockroaches
  4 goblins
  3 hobgoblins
  7 bats
  6 frilled lizards
  5 kobolds
  3 rats
54 creatures vanquished.

Notes
Turn   | Place    | Note
-------+----------+-------------------------------------------
     0 | D:1      | tilp the Gargoyle Fighter began the quest for the Orb.
     0 | D:1      | Reached XP level 1. HP: 14/14 MP: 1/1
    22 | D:1      | Reached XP level 2. HP: 10/19 MP: 2/2
   193 | D:1      | Reached XP level 3. HP: 20/24 MP: 3/3
   779 | D:2      | Found an ornate altar of the Wu Jian Council.
   996 | D:2      | Found a white marble altar of Elyvilon.
   998 | D:2      | Found a bloodstained altar of Trog.
   999 | D:2      | Found an opulent altar of Gozag.
   999 | D:2      | Found a glowing golden altar of the Shining One.
  1000 | D:2      | Reached XP level 4. HP: 29/29 MP: 4/4
  1001 | D:2      | Found a stormy altar of Qazlal.
  1419 | D:3      | Noticed Alarkh's ghost (amateur DsMo)
  2099 | D:4      | Reached XP level 5. HP: 33/33 MP: 5/5
  2163 | D:4      | Found an ancient bone altar of Kikubaaqudgha.
  2180 | D:4      | Got a crystal quarterstaff
  2186 | D:4      | Identified the cursed +2 quarterstaff of Qupnasacs {crush, *Slow rPois Str-2 Stlth+} (You found it on level 4 of the Dungeon)
  2204 | D:4      | Noticed Duvessa
  2205 | D:4      | Noticed Dowan
  2213 | D:4      | Killed Duvessa
  2213 | D:4      | Reached skill level 5 in Fighting
  2213 | D:4      | Reached skill level 5 in Axes
  2213 | D:4      | Reached XP level 6. HP: 12/40 MP: 6/6
  2287 | D:4      | Killed from afar by Dowan

Vault maps used:
D:1:      roderic_octagonal_star, minmay_misc_feat_five
D:2:      lemuel_round_altar, grunt_temple_overflow_open
D:3:      hex_medium
D:4:      kiku_gazebo_pond_becter, first_bread, uniq_duvessa

Skill      XL: |  1  2  3  4  5 |
---------------+----------------+-----
Axes           | 2 3 5 |  5.0
Fighting       | 4 5 |  5.0
Armour         | |  3.2
Shields        | |  3.2

Action                   |  1- 3 |  4- 6 || total
-------------------------+-------+-------++-------
Melee: War axe           |   123 |   149 ||   272
  Use: Scroll            |       |     2 ||     2
  Eat: Chunk             |     1 |     4 ||     5
Armor: Scale mail        |    75 |       ||    75
       Chain mail        |       |   109 ||   109
Dodge: Dodged            |    48 |    34 ||    82
Block: Shield            |    58 |    87 ||   145
